 Dungeon Crawl Stone Soup version 0.23-a0-767-gdc19b93d68 (webtiles) character file.

80008 AxeAttX the Cleaver (level 15, 0/146 HPs)
             Began as a Deep Dwarf Fighter on Jan 24, 2019.
             Was the Champion of Makhleb.
             Slain by a tarantella (15 damage)
             ... on level 2 of the Spider Nest.
             The game lasted 00:25:46 (16231 turns).

AxeAttX the Cleaver (Deep Dwarf Fighter)           Turns: 16231, Time: 00:25:47

Health: 0/146      AC: 26    Str: 25    XL:     15   Next: 22%
Magic:  10/10      EV:  5    Int: 10    God:    Makhleb [******]
Gold:   621        SH:  0    Dex: 12    Spells: 14/14 levels left

rFire    + . .     SeeInvis .   m - +7 broad axe (pain)
rCold    + . .     Gourm    .   Z - +1 shield {rF+}
rNeg     + . .     Faith    .   A - +0 plate armour
rPois    +         Spirit   .   M - +0 hat
rElec    .         Reflect  .   W - +2 cloak {MR+}
rCorr    .         Harm     .   a - +3 pair of gauntlets of War {Slay+5}
MR       +++..                  X - +1 pair of boots
Stlth    ..........             (no amulet)
HPRegen  0.00/turn              c - ring of protection from cold
MPRegen  0.12/turn              o - ring of poison resistance

@: held, non-regenerating
A: damage resistance, heal wounds, negative energy resistance 1, sense
surroundings 2, no regeneration
a: Heal Wounds, Minor Destruction, Lesser Servant of Makhleb, Major Destruction,
Greater Servant of Makhleb, Renounce Religion


You were on level 2 of the Spider Nest.
You worshipped Makhleb.
Makhleb was exalted by your worship.
You were not hungry.

You visited 3 branches of the dungeon, and saw 23 of its levels.
You also visited: Gauntlet.

You collected 1616 gold pieces.
You spent 995 gold pieces at shops.

Inventory:

Hand Weapons
 m - a +7 broad axe of pain (weapon)
   (You bought it in a shop on level 9 of the Dungeon)
 J - a +2 morningstar of protection
   (You found it on level 9 of the Dungeon)
Armour
 a - the +3 pair of gauntlets of War (worn) {Slay+5}
   (You bought it in a shop on level 4 of the Dungeon)

   It affects your accuracy and damage with ranged weapons and melee attacks
   (+5).
 A - a +0 plate armour (worn)
   (You took it off an orc warrior on level 7 of the Dungeon)
 M - a +0 hat (worn)
   (You acquired it on level 9 of the Dungeon)
 W - a +2 cloak of magic resistance (worn)
   (You found it in a Gauntlet)
 X - a +1 pair of boots (worn)
   (You found it in a Gauntlet)
 Y - a scarf of resistance
   (You found it in a Gauntlet)
 Z - a +1 shield of fire resistance (worn)
   (You took it off a tengu warrior on level 15 of the Dungeon)
Jewellery
 c - a ring of protection from cold (left hand)
   (You acquired it on level 9 of the Dungeon)
 k - an uncursed ring of resist corrosion
   (You found it on level 8 of the Dungeon)
 o - a ring of poison resistance (right hand)
   (You took it off an orc priest on level 7 of the Dungeon)
 p - an uncursed ring of wizardry {unknown}
   (You found it on level 1 of the Spider Nest)
 D - an uncursed ring of fire
   (You found it on level 2 of the Dungeon)
 G - the ring "Gutsu" {rF+ rC- MR+ Str+6}
   (You acquired it on level 9 of the Dungeon)

   [ring of protection from magic]

   It affects your strength (+6).
   It protects you from fire.
   It makes you vulnerable to cold.
   It affects your resistance to hostile enchantments.
 K - an uncursed ring of ice {unknown}
   (You found it on level 12 of the Dungeon)
Wands
 b - a wand of scattershot (8)
   (You found it on level 4 of the Dungeon)
 B - a wand of iceblast (35)
   (You found it on level 12 of the Dungeon)
 H - a wand of enslavement (10)
   (You found it on level 10 of the Dungeon)
 P - a wand of paralysis (11)
   (You found it on level 10 of the Dungeon)
Scrolls
 g - 3 scrolls of amnesia
 i - 6 scrolls of enchant armour
 j - a scroll of fog
 r - 8 scrolls of identify
 t - 2 scrolls of teleportation
 u - 3 scrolls of immolation
 v - a scroll of silence {unknown}
 w - 13 scrolls of remove curse
 z - 3 scrolls of blinking
 E - a scroll of magic mapping
 O - 5 scrolls of summoning
Potions
 d - a potion of might
 f - 3 potions of brilliance
 h - 3 potions of haste
 n - 3 potions of resistance
 q - 3 potions of curing
 s - 2 potions of agility
 x - 3 potions of berserk rage
 C - 7 potions of heal wounds
 F - 2 potions of flight
 I - 2 potions of lignification
 Q - 2 potions of ambrosia
 S - 2 potions of invisibility
 T - a potion of magic
Comestibles
 e - 27 rations
 l - 10 chunks of flesh


   Skills:
 + Level 12.7 Fighting
 + Level 14.6 Axes
 + Level 12.8 Armour
 - Level 8.0 Dodging
 + Level 9.8 Shields
 + Level 14.4 Invocations


You had 14 spell levels left.
You didn't know any spells.
Your spell library was empty.

Dungeon Overview and Level Annotations

Branches:
Dungeon (15/15)            Temple (0/1) D:7            Lair (6/6) D:9
 Shoals (0/4) Lair:3       Spider (2/4) Lair:4        Slime (0/5) Lair:5
    Orc (0/2) D:11         Vaults (0/5) D:14         Depths (0/5) D:15

Altars:
Ashenzari
Dithmenos
Gozag
Hepliaklqana
Makhleb
Nemelex Xobeh
Ru
Trog
Xom
The Shining One
Lugonu

Shops:
D:4 =[*   D:9 (=**[   D:10 :

Annotations:
D:5 Prince Ribbit
D:10 2 transporters
Lair:4 exclusion: 2 oklob plants
Lair:6 Sonja


Innate Abilities, Weirdness & Mutations

You are resistant to damage.
You can heal yourself by infusing magical energy.
You resist negative energy. (rN+)
You passively map the area around you.
You do not regenerate.


Message History

The orb spider weaves a glowing orb of energy.
A jumping spider comes into view.
An orb of destruction comes into view.
The redback bites you but does no damage.
The moth of wrath goads the jumping spider on!
The jumping spider goes berserk!
Found 14 arrows.
You miss the redback. You hit the tarantella.
The redback completely misses you.
The moth of wrath goads the tarantella on!
The tarantella goes berserk!
You slice the tarantella!!
The tarantella is almost dead.
You barely miss the redback. You slash the jumping spider!
The jumping spider pounces on you but does no damage.
The jumping spider barely misses you. You block the tarantella's attack.
The redback bites you but does no damage.
The jumping spider pounces on you!! The jumping spider bites you.
You block the tarantella's attack.
The orb of destruction hits a rock wall.
You closely miss the tarantella.
The tarantella is almost dead.
You slice the redback!! You hit the jumping spider.
The jumping spider closely misses you. The jumping spider barely misses you.
The tarantella completely misses you. You block the redback's attack.
You block the jumping spider's attack. x2
The tarantella bites you but does no damage.
The redback barely misses you.
The moth of wrath goads the redback on!
The redback goes berserk!
The jumping spider pounces on you but does no damage.
The jumping spider bites you but does no damage.
The tarantella bites you.
You are confused.
You are too confused!
You are too confused!
You are too confused!
You are too confused!
You are too confused!
You are too confused!
You are too confused!
You are too confused!
You are too confused!
You are too confused!
You are too confused!
You are too confused!
You are too confused!
You are too confused!
You are too confused!
You are too confused!
You are too confused!
You are too confused!
Unknown command.
You slice the jumping spider!!
The jumping spider is almost dead.
You miss the tarantella.
Your plate armour prevents you from hitting the redback.
The redback completely misses you.
The jumping spider barely misses you. x2
The tarantella closely misses you. The redback completely misses you.
The orb spider spins a strand of pure energy.
The jumping spider pounces on you!
You are caught in a web!
The jumping spider bites you but does no damage.
The web tears apart.
The tarantella closely misses you. The redback bites you.
The jumping spider closely misses you.
The jumping spider bites you but does no damage.
The tarantella bites you!
You are more confused.
The redback bites you but does no damage.
The jumping spider barely misses you.
The jumping spider bites you but does no damage.
The tarantella bites you but does no damage.
Okay, then.
Okay, then.
You feel better. You block the redback's attack.
The jumping spider closely misses you. You block the jumping spider's attack.
The tarantella bites you but does no damage.
The redback barely misses you.
The jumping spider pounces on you but does no damage.
The jumping spider barely misses you. The tarantella bites you.
A demon appears!
The jumping spider pounces on you!!
* * * LOW HITPOINT WARNING * * *
You block the jumping spider's attack. The redback barely misses you.
You block the tarantella's attack.
The moth of wrath bites you but does no damage.
The jumping spider pounces on you but does no damage.
The jumping spider misses you. You block the redback's attack.
The tarantella bites you!
* * * LOW HITPOINT WARNING * * *
You feel much better. The jumping spider pounces on you.
You are caught in a web!
The jumping spider bites you but does no damage.
The redback bites you. The tarantella bites you.
* * * LOW HITPOINT WARNING * * *
The jumping spider pounces on you.
* * * LOW HITPOINT WARNING * * *
The jumping spider bites you.
The moth of wrath completely misses you.
The redback bites you!
* * * LOW HITPOINT WARNING * * *
The tarantella bites you!
You die...

, ,* ,, #(.. * ,
##...##### **
###....#.#.##
,*#.....#....^##*# , ,
#............#.. * ,
#....!....s.... ..
#.............. ,,
...##..^...@s...... ,,
,,.^...#......yss......
*
,...............2......
,
*.....................#.
,
*....................##
* .......##.$†........#
, , , , ,
#..........^.........#*
,,
#..........†..........?,
,
#^............###......
, ,


You could see a moth of wrath, an orb spider, a jumping spider (berserk), a
tarantella (berserk), a redback (berserk) and a friendly cacodemon.

Vanquished Creatures
  An entropy weaver (Spider:2)
  Nessos (D:14)
  A minotaur (Gauntlet)
  A dire elephant (D:15)
  2 fire dragons
  5 hydras
  2 dancing weapons (D:14)
  2 centaur warriors
  6 tengu warriors
  2 two-headed ogres
  A queen ant (Gauntlet)
  5 skeletal warriors (D:15)
  4 unseen horrors
  A lindwurm (Lair:6)
  An orc knight (D:15)
  Pikel (D:5)
  8 wolf spiders
  3 orb spiders (Spider:1)
  6 cyclopes
  2 deep elf magi
  4 slime creatures
  A moth of wrath (Spider:1)
  2 centaur zombies
  6 elephants (Lair:6)
  5 manticores
  5 black mambas
  2 merfolk sirens (Lair:3)
  8 spiny frogs
  A spiny frog (shapeshifter) (D:15)
  A torpor snail (Gauntlet)
  5 centaur skeletons
  2 molten gargoyles (Lair:6)
  2 gargoyles
  4 rime drakes
  A kobold demonologist (D:14)
  9 komodo dragons
  3 efreet
  3 demonic crawlers (Spider:1)
  A freezing wraith (D:9)
  A meliai (shapeshifter) (D:9)
  3 jumping spiders
  3 trolls
  3 meliai (Gauntlet)
  A merfolk (Lair:3)
  9 blink frogs
  A centaur simulacrum (D:14)
  5 hippogriffs
  2 shadows
  5 wyverns
  17 redbacks
  2 wraiths
  2 vampires (D:13)
  4 hogs (D:7)
  A human (D:7)
  24 yaks
  3 steam dragons
  8 tarantellas
  6 basilisks
  5 vampire mosquitoes
  A warg (D:15)
  6 soldier ants
  3 acid dragons
  4 hell hounds (Lair:6)
  8 porcupines
  6 water moccasins
  2 floating eyes
  8 orc warriors
  8 sky beasts
  An eye of draining (shapeshifter) (D:14)
  3 eyes of draining
  A black bear (D:10)
  3 ice beasts
  2 necrophages (D:8)
  2 phantoms
  6 ogres
  5 centaurs
  9 wolves
  6 crocodiles
  6 big kobolds
  10 bullfrogs
  A wyvern skeleton (D:14)
  8 scorpions
  A water moccasin skeleton (D:8)
  11 killer bees (D:10)
  19 wights
  4 electric eels
  5 crimson imps
  5 bullfrog zombies
  4 lava snakes (Lair:6)
  10 orc priests
  8 hounds
  4 jellies
  2 bullfrog skeletons
  4 iguanas
  Terence (D:3)
  10 orc wizards
  9 worker ants
  3 hound zombies
  2 hound skeletons
  A mummy (D:4)
  A worker ant zombie (D:10)
  9 gnolls
  A howler monkey skeleton (D:6)
  10 adders
  4 shadow imps
  2 adder zombies
  3 worms
  A dart slug (D:2)
  2 leopard geckos
  54 orcs
  3 ball pythons
  6 giant cockroaches
  8 goblins
  3 hobgoblins
  13 jackals
  8 quokkas
  8 bats
  3 frilled lizards
  2 hobgoblin zombies (D:4)
  11 kobolds
  A kobold zombie (D:4)
  A leopard gecko skeleton (D:6)
  An orc zombie (D:4)
  6 rats
  2 fungi
  4 plants
604 creatures vanquished.

Vanquished Creatures (collateral kills)
  A centaur warrior (D:9)
  A two-headed ogre (D:10)
  An ugly thing (D:9)
  A manticore (D:11)
  A merfolk siren (Lair:3)
  A vampire (D:11)
  A yak (D:9)
  A vampire mosquito (D:9)
  An acid dragon (D:9)
  4 orc warriors (D:11)
  A bullfrog (D:9)
  A killer bee (D:10)
  A quasit (D:11)
  A hound (D:9)
  2 orc wizards (D:11)
  A shadow imp (D:9)
  4 orcs
  2 kobolds (D:10)
  A quokka skeleton (D:9)
27 creatures vanquished.

Vanquished Creatures (others)
  2 slaves (D:5)
  A dart slug (D:5)
  3 orcs
  16 fungi
  15 plants (Lair:6)
37 creatures vanquished.

Grand Total: 668 creatures vanquished

Notes
Turn   | Place    | Note
-------+----------+-------------------------------------------
     0 | D:1      | AxeAttX the Deep Dwarf Fighter began the quest for the Orb.
     0 | D:1      | Reached XP level 1. HP: 20/20 MP: 1/1
   229 | D:1      | Reached skill level 3 in Fighting
   230 | D:1      | Reached XP level 2. HP: 28/28 MP: 2/2
   436 | D:2      | Reached skill level 3 in Axes
   509 | D:2      | Reached XP level 3. HP: 24/34 MP: 3/3
   922 | D:3      | Found an opulent altar of Gozag.
   978 | D:3      | Found a shimmering altar of Xom.
   988 | D:3      | Found a shimmering altar of Xom.
   988 | D:3      | Found a shimmering altar of Xom.
   989 | D:3      | Found a shimmering altar of Xom.
   989 | D:3      | Found a shimmering altar of Xom.
   989 | D:3      | Found a shimmering altar of Xom.
   989 | D:3      | Found a shimmering altar of Xom.
   989 | D:3      | Found a shimmering altar of Xom.
   990 | D:3      | Found a shimmering altar of Xom.
  1005 | D:3      | Noticed an ice beast
  1007 | D:3      | Noticed Terence
  1014 | D:3      | HP: 3/34 [ice beast (10)]
  1027 | D:3      | Killed an ice beast
  1027 | D:3      | Reached skill level 4 in Fighting
  1027 | D:3      | Reached skill level 4 in Axes
  1027 | D:3      | Reached XP level 4. HP: 22/44 MP: 4/4
  1027 | D:3      | Reached XP level 5. HP: 25/50 MP: 5/5
  1032 | D:3      | Killed Terence
  1149 | D:3      | Found a shadowy altar of Dithmenos.
  1152 | D:3      | Found a burning altar of Makhleb.
  1157 | D:3      | Became a worshipper of Makhleb the Destroyer
  1284 | D:3      | Found a shattered altar of Ashenzari.
  1429 | D:4      | Found Huekh's Antique Armour Shoppe.
  1490 | D:4      | Found Adwuyp's Jewellery Shoppe.
  1584 | D:4      | Found Zylixaum's General Store.
  1605 | D:4      | Reached skill level 5 in Axes
  1756 | D:4      | Reached XP level 6. HP: 40/58 MP: 6/6
  1811 | D:5      | Entered Level 5 of the Dungeon
  1938 | D:5      | Noticed a slave
  1938 | D:5      | Noticed a slave
  1938 | D:5      | Noticed a slave
  1939 | D:5      | Noticed Pikel
  1939 | D:5      | Noticed a slave
  1988 | D:5      | Killed Pikel
  1988 | D:5      | Reached skill level 6 in Fighting
  1988 | D:5      | Reached skill level 6 in Axes
  1988 | D:5      | Reached XP level 7. HP: 55/69 MP: 7/7
  1993 | D:5      | Reached * piety under Makhleb
  2032 | D:5      | Reached skill level 7 in Axes
  2168 | D:5      | Noticed Prince Ribbit
  2218 | D:5      | Reached XP level 8. HP: 41/78 MP: 7/7
  2301 | D:6      | Found a sacrificial altar of Ru.
  2327 | D:6      | Reached skill level 7 in Fighting
  2327 | D:6      | Reached skill level 8 in Axes
  2328 | D:6      | Found a bloodstained altar of Trog.
  2422 | D:6      | Found a sparkling altar of Nemelex Xobeh.
  2453 | D:6      | Found a hazy altar of Hepliaklqana.
  2660 | D:6      | Reached ** piety under Makhleb
  2979 | D:7      | Reached skill level 1 in Invocations
  3032 | D:7      | Reached skill level 2 in Invocations
  3050 | D:7      | Reached skill level 9 in Axes
  3050 | D:7      | Reached skill level 4 in Armour
  3146 | D:7      | Gained mutation: You passively map the area around you.
                  | [Deep Dwarf growth]
  3146 | D:7      | Reached XP level 9. HP: 54/88 MP: 6/8
  3148 | D:7      | Reached skill level 3 in Invocations
  3151 | D:7      | HP: 11/88 [ogre/+0 giant club (23)]
  3155 | D:7      | Reached skill level 8 in Fighting
  3219 | D:7      | Found a staircase to the Ecumenical Temple.
  3466 | D:7      | Reached skill level 4 in Invocations
  3564 | D:7      | Reached skill level 5 in Armour
  3575 | D:7      | Reached skill level 5 in Invocations
  3919 | D:8      | Reached skill level 10 in Axes
  3931 | D:8      | Reached skill level 6 in Armour
  4127 | D:8      | Found a glowing golden altar of the Shining One.
  4240 | D:8      | Reached *** piety under Makhleb
  4419 | D:8      | Reached XP level 10. HP: 96/98 MP: 11/11
  4459 | D:8      | Reached skill level 6 in Invocations
  4823 | D:9      | Found a staircase to the Lair.
  4833 | D:9      | Reached skill level 9 in Fighting
  4876 | D:9      | Found Durib's Antique Weapon Shoppe.
  4893 | D:9      | Bought a glowing broad axe for 196 gold pieces
  4934 | D:9      | Noticed a white ugly thing
  4954 | D:9      | HP: 12/99 [white ugly thing (31)]
  4982 | D:9      | HP: 14/99 [white ugly thing (16)]
  4987 | D:9      | Killed a white ugly thing
  4987 | D:9      | Reached skill level 7 in Invocations
  4991 | D:9      | Reached skill level 7 in Armour
  5008 | D:9      | Noticed a centaur warrior
  5014 | D:9      | Killed a centaur warrior
  5015 | D:9      | Noticed a spiny frog
  5018 | D:9      | a spiny frog changed into a meliai
  5031 | D:9      | Identified the Almanac of Wyrd
  5043 | D:9      | Killed an unseen horror
  5043 | D:9      | Reached skill level 8 in Invocations
  5108 | D:9      | Reached skill level 11 in Axes
  5247 | D:9      | Reached skill level 8 in Armour
  5247 | D:9      | Reached XP level 11. HP: 60/108 MP: 13/13
  5250 | D:9      | Reached **** piety under Makhleb
  5463 | D:9      | Found Egruz's Jewellery Shoppe.
  5494 | D:9      | Found Foexzyup's Assorted Antiques.
  5497 | D:9      | Bought a scroll labeled UZOUNE RIUCW for 20 gold pieces
  5497 | D:9      | Bought a scroll labeled FOIWYF FIOMMU for 20 gold pieces
  5497 | D:9      | Bought a glowing coppery potion for 18 gold pieces
  5501 | D:9      | Identified 3 scrolls of acquirement
  5504 | D:9      | Got a glittering lapis lazuli ring
  5512 | D:9      | Identified the ring "Gutsu" {rF+ rC- MR+ Str+6} (You
                  | acquired it on level 9 of the Dungeon)
  5536 | D:9      | Found Niyd's Armour Boutique.
  5653 | D:9      | Found Giott's Assorted Antiques.
  5656 | D:9      | Bought a scroll labeled RIAFACIOLU for 31 gold pieces
  5656 | D:9      | Bought a scroll labeled GAJ HOIKHI for 31 gold pieces
  5656 | D:9      | Bought 2 scrolls labeled MITA VONAMM for 62 gold pieces
  5749 | D:10     | Entered Level 10 of the Dungeon
  5749 | D:10     | Noticed a two-headed ogre
  5756 | D:10     | Killed a two-headed ogre
  5960 | D:10     | Noticed a green ugly thing
  5960 | D:10     | Noticed a brown ugly thing
  5963 | D:10     | Found a corrupted altar of Lugonu.
  6034 | D:10     | Reached skill level 9 in Invocations
  6292 | D:10     | Found Vulyph's Book Emporium.
  6437 | D:10     | Reached skill level 10 in Fighting
  6482 | D:10     | Found a transporter.
  6485 | D:10     | Found a transporter.
  6537 | D:10     | Got an encrusted mace
  6655 | D:11     | Killed an unseen horror
  6740 | D:11     | Reached ***** piety under Makhleb
  6851 | D:11     | Reached skill level 9 in Armour
  7103 | D:11     | Reached skill level 10 in Invocations
  7190 | D:11     | Reached skill level 12 in Axes
  7305 | D:11     | Found a staircase to the Orcish Mines.
  8216 | Lair:1   | Entered Level 1 of the Lair of Beasts
  8260 | Lair:1   | Reached XP level 12. HP: 91/118 MP: 11/11
  8367 | Lair:1   | Reached skill level 1 in Dodging
  8373 | Lair:1   | Found a frozen archway.
  8997 | Lair:2   | Reached skill level 2 in Dodging
  8997 | Lair:2   | Reached skill level 4 in Shields
  9303 | Lair:2   | Reached skill level 11 in Invocations
  9323 | Lair:2   | Reached skill level 10 in Armour
  9665 | Lair:3   | Noticed a five-headed hydra
  9684 | Lair:3   | Killed a ten-headed hydra
  9684 | Lair:3   | Reached skill level 3 in Dodging
  9854 | Lair:3   | Found a staircase to the Shoals.
  9892 | Lair:3   | Reached skill level 11 in Fighting
  9927 | Lair:3   | Reached skill level 5 in Shields
 10024 | Lair:3   | Noticed a six-headed hydra
 10034 | Lair:3   | Killed a six-headed hydra
 10058 | Lair:3   | Reached skill level 4 in Dodging
 10459 | Lair:4   | Found a hole to the Spider Nest.
 10618 | Lair:4   | Paralysed by a floating eye for 2 turns
 10621 | Lair:4   | Paralysed by a floating eye for 4 turns
 10631 | Lair:4   | Paralysed by a floating eye for 2 turns
 10751 | Lair:4   | Paralysed by a floating eye for 2 turns
 10854 | Lair:4   | Noticed a six-headed hydra
 10870 | Lair:4   | Killed a six-headed hydra
 10930 | Lair:5   | Reached XP level 13. HP: 61/127 MP: 0/13
 11036 | Lair:5   | Found a staircase to the Slime Pits.
 11185 | Lair:5   | Reached skill level 6 in Shields
 11409 | Lair:5   | Reached skill level 13 in Axes
 11636 | Lair:5   | Reached skill level 5 in Dodging
 11636 | Lair:5   | Reached skill level 12 in Invocations
 11781 | Lair:6   | Entered Level 6 of the Lair of Beasts
 11783 | Lair:6   | Noticed a balrug
 11784 | Lair:6   | Noticed a green death
 12212 | Lair:6   | Noticed Sonja
 12224 | Lair:6   | Found a large runed door.
 12224 | Lair:6   | Found a large runed door.
 12224 | Lair:6   | Noticed a fire dragon
 12224 | Lair:6   | HP: 13/127 [fire dragon/blast of flame (18)]
 12235 | Lair:6   | Killed a fire dragon
 12373 | Lair:6   | Reached skill level 11 in Armour
 12513 | Lair:6   | Reached skill level 6 in Dodging
 12513 | Lair:6   | Reached skill level 7 in Shields
 13115 | D:4      | Bought the +3 pair of gauntlets of War {Slay+5} for 617
                  | gold pieces
 13115 | D:4      | Found the +3 pair of gauntlets of War {Slay+5}
 13396 | D:13     | Reached ****** piety under Makhleb
 13612 | D:13     | You fall through a shaft!
 13612 | D:14     | Found a gate leading to a gauntlet.
 13618 | Gauntlet | Entered a Gauntlet
 13618 | Gauntlet | Found a transporter.
 13634 | Gauntlet | Found a transporter.
 13658 | Gauntlet | Found a transporter.
 13666 | Gauntlet | Found a transporter.
 13666 | Gauntlet | Found a transporter.
 13666 | Gauntlet | Found a transporter.
 13691 | Gauntlet | Found a transporter.
 13695 | Gauntlet | Found a transporter.
 13763 | Gauntlet | Noticed a minotaur
 13773 | Gauntlet | Killed a minotaur
 13773 | Gauntlet | Gained mutation: You resist negative energy. (rN+) [Deep
                  | Dwarf growth]
 13773 | Gauntlet | Reached XP level 14. HP: 128/136 MP: 8/8
 13829 | D:14     | Reached skill level 13 in Invocations
 13843 | D:14     | Found a gate to the Vaults.
 13878 | D:14     | Reached skill level 12 in Fighting
 13878 | D:14     | Reached skill level 7 in Dodging
 13908 | D:14     | Reached skill level 8 in Shields
 13978 | D:14     | Reached skill level 12 in Armour
 13986 | D:14     | Reached skill level 14 in Axes
 14516 | D:14     | Noticed Nessos
 14529 | D:14     | Killed Nessos
 14546 | D:15     | Entered Level 15 of the Dungeon
 14694 | D:15     | Reached skill level 8 in Dodging
 14765 | D:15     | Reached skill level 9 in Shields
 15320 | D:15     | Found a staircase to the Depths.
 15339 | D:15     | Reached skill level 14 in Invocations
 15583 | Spider:1 | Entered Level 1 of the Spider Nest
 15998 | Spider:1 | Reached XP level 15. HP: 146/146 MP: 10/10
 16230 | Spider:2 | HP: 14/146 [tarantella (14)]
 16231 | Spider:2 | Slain by a tarantella

Vault maps used:
D:1:      dpeg_arrival_connections, serial_forest, infiniplex_forest_straight_4,
          infiniplex_forest_end_2, infiniplex_forest_lined_corner,
          infiniplex_forest_clump_diagonal, infiniplex_forest_corner_1,
          infiniplex_forest_straight_2, infiniplex_forest_lined_corner,
          infiniplex_forest_straight_4, infiniplex_forest_zigzag_1,
          st_stairs_10, chequers_jeans, roderic_serpentine_path
D:2:      first_ration, uniq_crazy_yiuf_cottage
D:3:      lemuel_doored_altar, nicolae_overflow_hidden_temple,
          old_standard_altar, bloody_makhleb, xom_redecorated, uniq_jessica,
          uniq_terence
D:4:      serial_shops, shop_statue, kennysheep_little_box, shop, shop,
          minmay_misc_feat_hallway, minmay_mini_ossuary, uniq_sigmund
D:5:      minmay_razor_zed, uniq_pikel, uniq_edmund, uniq_prince_ribbit1
D:6:      nicolae_overflow_quartered_altars
D:7:      temple_pool_b, grunt_livestock
D:8:      lemuel_crystal_altar
D:9:      minmay_the_grid_triangle_9x9_recursive_2_mashed,
          grunt_lair_entry_orc_guard_hut, serial_shops, kennysheep_mini_moat,
          shop, kennysheep_mini, shop_coins, shop, patterned_corridor
D:10:     gammafunk_corrupted_shrine, serial_shops, shop_statue, moated_statue
D:11:     erik_orc_2
D:13:     trove_entry_hex_spiral
D:14:     erik_vaults_1, minivault_11, gauntlet_entry_generic,
          onia_ninara_cookie, uniq_nessos
D:15:     hangedman_depths_entry_try_elsewhere_first, nrook_uturn
Lair:1:   portal_ice_cave_rime
Lair:3:   elwin_shoals_entry_stream, kennysheep_catoblepas_arena,
          grunt_megastairs_1
Lair:4:   spider_nest_entry_web_field, st_stairs_8, serial_bayou_ford_a,
          disabler_island
Lair:5:   dpeg_slime_entry_corner, grunt_megastairs_2
Lair:6:   cheibrodos_lair_end_hotspot, serial_bayou_pond_c, serial_bayou_pond_e,
          uniq_sonja
Spider:2: uniq_frances, uniq_arachne
Gauntlet: minmay_gauntlet_77_tree

Skill      XL: |  1  2  3  4  5  6  7  8  9 10 11 12 13 14 |
---------------+-------------------------------------------+-----
Fighting       | 3 4 6 7 8 9 10 11 12 | 12.7
Axes           | 3 4 5 6 7 9 10 11 12 13 14 | 14.6
Invocations    | 2 5 8 10 11 12 14 | 14.4
Armour         | 4 6 8 9 10 11 12 | 12.8
Dodging        | 4 6 8 |  8.0
Shields        | 5 7 9 |  9.8

Action                   |  1- 3 |  4- 6 |  7- 9 | 10-12 | 13-15 || total
-------------------------+-------+-------+-------+-------+-------++-------
Melee: War axe           |   126 |   132 |   433 |    83 |       ||   774
       Broad axe         |       |       |       |   721 |   733 ||  1454
       Morningstar       |       |       |       |    25 |    11 ||    36
Invok: Lesser Servant of |       |       |       |     7 |       ||     7
       Greater Servant o |       |       |       |     1 |     3 ||     4
 Abil: Heal Wounds       |     4 |     5 |    16 |    37 |    17 ||    79
  Use: Scroll            |     4 |       |     6 |    17 |    11 ||    38
       Potion            |       |       |     2 |       |     4 ||     6
 Stab: Distracted        |       |       |       |     2 |       ||     2
  Eat: Chunk             |       |     4 |     9 |    22 |     8 ||    43
       Ration            |       |       |       |       |     3 ||     3
Armor: Scale mail        |    91 |    57 |    36 |       |       ||   184
       Chain mail        |       |       |    52 |       |       ||    52
       Plate armour      |       |       |    98 |   560 |   511 ||  1169
Dodge: Dodged            |    56 |    34 |    87 |   195 |   307 ||   679
Block: Shield            |    85 |    80 |   219 |   520 |   565 ||  1469

Table legend:
 A = Non-vault XP
 B = Vault XP
 C = Vault XP percentage of total XP
 D = Non-vault monster count
 E = Vault monster count
 F = Vault count percentage of total count
                 A         B        C        D         E       F
            +---------+---------+-------+---------+---------+-------
      Total |   81461 |   32837 |  28.7 |     493 |     132 |  21.1
            +---------+---------+-------+---------+---------+-------
        D:1 |      15 |       6 |  28.6 |      10 |       4 |  28.6
        D:2 |      58 |       0 |   0.0 |      24 |       0 |   0.0
        D:3 |     167 |      36 |  17.7 |      19 |       1 |   5.0
        D:4 |      77 |      22 |  22.2 |       8 |       5 |  38.5
        D:5 |     645 |     607 |  48.5 |      16 |       1 |   5.9
        D:6 |     477 |       0 |   0.0 |      20 |       0 |   0.0
        D:7 |    1605 |    1005 |  38.5 |      36 |       5 |  12.2
        D:8 |    1113 |       0 |   0.0 |      23 |       0 |   0.0
        D:9 |    2158 |    3369 |  61.0 |      26 |      18 |  40.9
       D:10 |    2438 |       0 |   0.0 |      32 |       0 |   0.0
       D:11 |    4761 |     558 |  10.5 |      48 |      19 |  28.4
       D:12 |    1500 |       0 |   0.0 |      16 |       0 |   0.0
       D:13 |    5342 |       0 |   0.0 |      28 |       0 |   0.0
       D:14 |    9890 |    7942 |  44.5 |      27 |      22 |  44.9
       D:15 |   13216 |    3261 |  19.8 |      33 |       4 |  10.8
     Lair:1 |    2273 |     749 |  24.8 |      11 |       2 |  15.4
     Lair:2 |    3006 |       0 |   0.0 |      15 |       0 |   0.0
     Lair:3 |    3897 |    2786 |  41.7 |      13 |       7 |  35.0
     Lair:4 |    4114 |     410 |   9.1 |      18 |       3 |  14.3
     Lair:5 |    3131 |     536 |  14.6 |      12 |       2 |  14.3
     Lair:6 |    6567 |    7224 |  52.4 |      15 |      26 |  63.4
   Spider:1 |   11895 |       0 |   0.0 |      36 |       0 |   0.0
   Spider:2 |    3116 |       0 |   0.0 |       7 |       0 |   0.0
   Gauntlet |       0 |    4326 | 100.0 |       0 |      13 | 100.0
            +---------+---------+-------+---------+---------+-------

Vault maps used:
D:1:      dpeg_arrival_connections, serial_forest, infiniplex_forest_straight_4,
          infiniplex_forest_end_2, infiniplex_forest_lined_corner,
          infiniplex_forest_clump_diagonal, infiniplex_forest_corner_1,
          infiniplex_forest_straight_2, infiniplex_forest_lined_corner,
          infiniplex_forest_straight_4, infiniplex_forest_zigzag_1,
          st_stairs_10, chequers_jeans, roderic_serpentine_path
D:2:      first_ration, uniq_crazy_yiuf_cottage
D:3:      lemuel_doored_altar, nicolae_overflow_hidden_temple,
          old_standard_altar, bloody_makhleb, xom_redecorated, uniq_jessica,
          uniq_terence
D:4:      serial_shops, shop_statue, kennysheep_little_box, shop, shop,
          minmay_misc_feat_hallway, minmay_mini_ossuary, uniq_sigmund
D:5:      minmay_razor_zed, uniq_pikel, uniq_edmund, uniq_prince_ribbit1
D:6:      nicolae_overflow_quartered_altars
D:7:      temple_pool_b, grunt_livestock
D:8:      lemuel_crystal_altar
D:9:      minmay_the_grid_triangle_9x9_recursive_2_mashed,
          grunt_lair_entry_orc_guard_hut, serial_shops, kennysheep_mini_moat,
          shop, kennysheep_mini, shop_coins, shop, patterned_corridor
D:10:     gammafunk_corrupted_shrine, serial_shops, shop_statue, moated_statue
D:11:     erik_orc_2
D:13:     trove_entry_hex_spiral
D:14:     erik_vaults_1, minivault_11, gauntlet_entry_generic,
          onia_ninara_cookie, uniq_nessos
D:15:     hangedman_depths_entry_try_elsewhere_first, nrook_uturn
Lair:1:   portal_ice_cave_rime
Lair:3:   elwin_shoals_entry_stream, kennysheep_catoblepas_arena,
          grunt_megastairs_1
Lair:4:   spider_nest_entry_web_field, st_stairs_8, serial_bayou_ford_a,
          disabler_island
Lair:5:   dpeg_slime_entry_corner, grunt_megastairs_2
Lair:6:   cheibrodos_lair_end_hotspot, serial_bayou_pond_c, serial_bayou_pond_e,
          uniq_sonja
Spider:2: uniq_frances, uniq_arachne
Gauntlet: minmay_gauntlet_77_tree

Table legend:
 A = Turns spent in this place as a percentage of turns spent in the entire game.
 B = Non-inter-level travel turns spent in this place as a percentage of non-inter-level travel turns spent in the entire game.
 C = Inter-level travel turns spent in this place as a percentage of turns spent in this place.
 D = Turns resting spent in this place as a percentage of non-inter-level travel turns spent in this place.
 E = Turns spent auto-exploring this place as a percentage of non-inter-level travel turns spent in this place.
 F = Non-inter-level travel turns spent in this place divided by the number of levels of this place that you've seen.
                   A       B       C       D       E      F
               +-------+-------+-------+-------+-------+----------------------
         Total | 100.0 | 100.0 |  11.0 |   3.0 |  68.6 | 601.6
       Dungeon |  67.8 |  67.0 |  12.1 |   0.0 |  70.2 | 645.0
          Lair |  29.3 |  29.9 |   9.4 |   9.9 |  69.8 | 718.7
   Spider Nest |   1.8 |   2.0 |   4.7 |   0.0 |  29.3 | 141.5
      Gauntlet |   1.0 |   1.2 |   0.0 |   0.0 |  10.1 | 168.0
               +-------+-------+-------+-------+-------+----------------------

Table legend:
 A = Kills in this place as a percentage of kills in entire the game.
 B = Kills by you in this place as a percentage of kills by you in the entire game.
 C = Kills by friends in this place as a percentage of kills by friends in the entire game.
 D = Other kills in this place as a percentage of other kills in the entire game.
 E = Experience gained in this place as a percentage of experience gained in the entire game.
 F = Experience gained in this place divided by the number of levels of this place that you have seen.
                   A       B       C       D       E      F
               +-------+-------+-------+-------+-------+----------------------
         Total | 100.0 | 100.0 | 100.0 |   N/A | 100.0 | 4762.4
       Dungeon |  71.2 |  70.1 |  96.3 |   N/A |  52.7 | 4017.9
          Lair |  19.8 |  20.6 |   3.7 |   N/A |  30.4 | 5782.2
   Spider Nest |   6.9 |   7.2 |   0.0 |   N/A |  13.1 | 7505.5
      Gauntlet |   2.1 |   2.2 |   0.0 |   N/A |   3.8 | 4326.0
               +-------+-------+-------+-------+-------+----------------------
